 Dungeon Crawl Stone Soup version 0.29.1-14-g9c671dbff4 (webtiles) character file.

Game seed: 9044341526296335902

3384 Barneous the Magician (level 9, 0/58 HPs)
             Began as a Demonspawn Earth Elementalist on Feb 17, 2023.
             Was a Follower of Sif Muna.
             Slain by a vampire mosquito (9 damage)
             ... on level 7 of the Dungeon.
             The game lasted 00:42:39 (9370 turns).

Barneous the Magician (DsEE)                        Turns: 9370, Time: 00:42:39

Health: 0/58       AC:  9    Str:  9    XL:     9   Next: 74%
Magic:  13/19      EV: 14    Int: 24    God:    Sif Muna [*.....]
Gold:   327        SH:  0    Dex: 14    Spells: 9/22 levels left

rFire   . . .      SeeInvis .   i - +2 dagger (protect)
rCold   . . .      Faith    .   (no shield)
rNeg    . . .      Spirit   .   j - +1 robe of Afuish {Int+4}
rPois   .          Reflect  .   (helmet restricted)
rElec   .          Harm     .   a - +1 cloak {Stlth+}
rCorr   .          Rampage  .   (no gloves)
Will    +....                   f - +1 pair of boots
Stlth   ++++......              (no amulet)
HPRegen 0.19/turn               (no ring)
MPRegen 0.16/turn               (no ring)

@: mighty
A: antennae 1, demonic guardian 1, powered by death 2, sharp scales 2,
strong-willed 1, sense surroundings 1, screaming 1
a: Renounce Religion, Channel Magic


You were on level 7 of the Dungeon.
You worshipped Sif Muna.
Sif Muna was aware of your devotion.
You visited 2 branches of the dungeon, and saw 8 of its levels.
You also visited: Sewer.

You collected 327 gold pieces.

Inventory:

Hand Weapons
 g - a +0 short sword
 i - a +2 dagger of protection (weapon)
Missiles
 d - a throwing net
Armour
 a - a +1 cloak of stealth (worn)
 f - a +1 pair of boots (worn)
 j - the +1 robe of Afuish (worn) {Int+4}
   (You found it on level 3 of the Dungeon)

   Int:       It affects your intelligence (+4).
Scrolls
 b - 3 scrolls of fear
 c - 7 scrolls of identify
 e - a scroll of enchant weapon
 h - a scroll of blinking
 l - a scroll of noise {unknown}
 m - a scroll of teleportation
Potions
 o - a potion of ambrosia


   Skills:
 + Level 0.7 Fighting
 + Level 4.0 Short Blades
 + Level 4.8 Dodging
 + Level 4.6 Stealth
 + Level 3.8 Unarmed Combat
 + Level 7.1 Spellcasting
 + Level 0.2 Conjurations
 + Level 3.9 Transmutations
 + Level 0.2 Fire Magic
 + Level 5.6 Earth Magic


You had 9 spell levels left.
You knew the following spells:

 Your Spells              Type           Power      Damage    Failure   Level
a - Sandblast             Erth           70%        2d15      1%          1
b - Foxfire               Conj/Fire      36%        2x1d5     6%          1
c - Passwall              Tmut/Erth      25%        N/A       1%          2
d - Conjure Flame         Conj/Fire      9%         6-21      19%         3
e - Stone Arrow           Conj/Erth      44%        3d9       6%          3
f - Call Canine Familiar  Summ           8%         N/A       22%         3

Your spell library contained the following spells:

 Spells                   Type           Power      Damage    Failure   Level
 Petrify                  Tmut/Erth      31%        N/A       10%         4
 Inner Flame              Hex/Fire       9%         N/A       21%         3
 Portal Projectile        Hex/Tloc       16%        N/A       22%         3
 Leda's Liquefaction      Hex/Erth       11%        N/A       22%         4
 Flame Wave               Conj/Fire      9%         2d6       54%         4


Dungeon Overview and Level Annotations

Branches:
Dungeon (7/15)             Temple (1/1) D:5           Sewer (visited)

Altars:
Ashenzari
Dithmenos
Fedhas
Gozag
Hepliaklqana
Kikubaaqudgha
Nemelex Xobeh
Okawaru
Qazlal
Ru
Sif Muna
Trog
Uskayaw
Wu Jian
Yredelemnul

Shops:
D:1 ?   D:4 *

Annotations:
D:4 1 runed translucent door, Crazy Yiuf


Innate Abilities, Weirdness & Mutations

You have a pair of small antennae on your head.
A weak demonic guardian rushes to your aid.
You regenerate health from kills.
You are mostly covered in razor-sharp scales. (AC +2, Slay +2)
You are strong-willed. (Will+)
You passively map a small area around you.
You occasionally shout uncontrollably at your foes.


Message History

You puncture the vampire mosquito!
Your weapon exudes an aura of protection.
You destroy the vampire mosquito!
Sif Muna accepts your kill. The vampire mosquito barely misses you.
Aiming: Sandblast (safe; 1% risk of failure)
Press: ? - help, Q - select action, (/) - cycle Shift-Dir - straight line, f - vampire mosquito
Aim: a vampire mosquito (73% to hit)
The blast of sand hits the vampire mosquito!
The vampire mosquito is moderately damaged.
The vampire mosquito barely misses you.
The vampire mosquito closely misses you.
The vampire mosquito bites you but does no damage.
The vampire mosquito bites you.
* * * LOW HITPOINT WARNING * * *
The vampire mosquito draws strength from your injuries!
Your white imp gestures at the vampire mosquito.
The puff of frost hits the vampire mosquito!
Aiming: Sandblast (safe; 1% risk of failure)
Press: ? - help, Q - select action, (/) - cycle Shift-Dir - straight line, f/p - vampire mosquito
Aim: a vampire mosquito (heavily damaged, not watching you, ally target, 73% to hit)
The blast of sand hits the vampire mosquito but does no damage.
The vampire mosquito is heavily damaged.
The vampire mosquito bites you but does no damage.
The vampire mosquito closely misses you.
The vampire mosquito barely misses you.
Your white imp gestures at the vampire mosquito.
The puff of frost misses the vampire mosquito.
The vampire mosquito bites you but does no damage.
The vampire mosquito misses you.
Aiming: Sandblast (safe; 1% risk of failure)
Press: ? - help, Q - select action, (/) - cycle Shift-Dir - straight line, f/p - vampire mosquito
Aim: a vampire mosquito (heavily damaged, ally target, 73% to hit)
The blast of sand hits the vampire mosquito!
The vampire mosquito is almost destroyed.
The vampire mosquito barely misses you. x2
The vampire mosquito closely misses you.
The vampire mosquito bites you but does no damage.
The vampire mosquito bites you!
You die...

#........##.#
#####..#.# #
, ##.#.# ,
#.).## * * *
, ###..####
#5....### ,
#........#*,
, #yy......#
* *
#@.......#*
#...)..>.'. *
, *
#........###
* , ,
....###.## ,
, .....# .# ,
,, .....# ,
.....#
*####### , ,


You could see 2 vampire mosquitoes and a friendly white imp (summoned).

Vanquished Creatures
  Pikel (D:7)
  2 vampire mosquitoes (D:7)
  A water moccasin (D:5)
  2 black bears
  A sky beast (D:6)
  An ice beast (D:5)
  2 ogres
  A centaur (D:6)
  A lemure (D:7)
  A phantom (D:6)
  A bullfrog (D:7)
  A kobold brigand (Sewer)
  3 necrophages
  Blork the orc (D:6)
  A scorpion (D:6)
  A howler monkey (D:4)
  5 hounds
  3 jellies
  3 orc priests
  A gnoll bouda (D:6)
  3 iguanas
  6 orc wizards
  12 gnolls
  7 adders
  2 river rats (Sewer)
  2 shadow imps
  2 ufetubi
  4 worms
  4 dart slugs (D:1)
  19 orcs
  12 endoplasms
  8 giant cockroaches
  6 goblins
  4 hobgoblins
  6 jackals
  3 quokkas
  7 ball pythons
  4 bats
  6 frilled lizards
  12 kobolds
  11 rats
173 creatures vanquished.

Vanquished Creatures (collateral kills)
  A kobold demonologist (D:6)
  2 kobold brigands (Sewer)
  A hound (D:5)
  An orc wizard (D:4)
  An adder (D:3)
  A white imp (D:6)
  An ufetubus (D:6)
  A worm (Sewer)
  4 orcs (D:4)
  2 kobolds
15 creatures vanquished.

Vanquished Creatures (others)
  110 foxfires
  2 fungi (D:1)
  A plant (D:1)
113 creatures vanquished.

Grand Total: 301 creatures vanquished

Notes
Turn   | Place    | Note
-------+----------+-------------------------------------------
     0 | D:1      | Barneous the Demonspawn Earth Elementalist began the quest
                  | for the Orb.
     0 | D:1      | Reached XP level 1. HP: 13/13 MP: 3/3
    38 | D:1      | Reached skill level 1 in Transmutations
   553 | D:1      | Found Bigun's Magic Scroll Shop.
   568 | D:1      | Gained mutation: A weak demonic guardian rushes to your
                  | aid. [demonic ancestry]
   568 | D:1      | Reached XP level 2. HP: 16/19 MP: 0/5
  1183 | D:1      | Gained mutation: You have sharp fingernails. [potion of
                  | mutation]
  1183 | D:1      | Gained mutation: You have very sharp teeth. [potion of
                  | mutation]
  1382 | D:1      | Gained mutation: You regenerate a little health from kills.
                  | [demonic ancestry]
  1382 | D:1      | Reached XP level 3. HP: 21/24 MP: 4/6
  1843 | D:1      | Found a faded altar of an unknown god.
  2384 | D:2      | Identified a scroll of acquirement
  2384 | D:2      | Acquired a book of Flames
  2388 | D:2      | Learned a level 1 spell: Foxfire
  2391 | D:2      | Learned a level 2 spell: Passwall
  2601 | D:2      | Reached skill level 1 in Unarmed Combat
  2743 | D:2      | Gained mutation: You have a pair of small antennae on your
                  | head. [demonic ancestry]
  2743 | D:2      | Reached XP level 4. HP: 30/30 MP: 2/7
  2835 | D:2      | Lost mutation: You have sharp fingernails. [potion of
                  | mutation]
  2835 | D:2      | Lost mutation: You have very sharp teeth. [potion of
                  | mutation]
  2835 | D:2      | Gained mutation: You occasionally lose the ability to read
                  | scrolls when taking damage. [potion of mutation]
  2835 | D:2      | Gained mutation: You are somewhat resistant to further
                  | mutation. [potion of mutation]
  3316 | D:3      | Reached skill level 3 in Spellcasting
  3324 | D:3      | Gained mutation: You regenerate health from kills. [demonic
                  | ancestry]
  3324 | D:3      | Reached XP level 5. HP: 32/35 MP: 9/9
  3391 | D:3      | Found a glowing drain.
  3421 | Sewer    | Entered a sewer
  3831 | Sewer    | Reached skill level 1 in Short Blades
  3980 | Sewer    | Reached XP level 6. HP: 22/41 MP: 4/11
  4333 | Sewer    | Lost mutation: You occasionally lose the ability to read
                  | scrolls when taking damage. [potion of mutation]
  4333 | Sewer    | Lost mutation: You are somewhat resistant to further
                  | mutation. [potion of mutation]
  4333 | Sewer    | Gained mutation: You are strong-willed. (Will+) [potion of
                  | mutation]
  4333 | Sewer    | Gained mutation: You occasionally shout uncontrollably at
                  | your foes. [potion of mutation]
  4333 | Sewer    | Gained mutation: You passively map a small area around you.
                  | [potion of mutation]
  4633 | D:3      | Identified the +1 robe of Afuish {Int+4}
  4650 | D:3      | Learned a level 3 spell: Conjure Flame
  4654 | D:3      | Learned a level 3 spell: Stone Arrow
  5235 | D:4      | Found a stormy altar of Qazlal.
  5259 | D:4      | Reached XP level 7. HP: 32/46 MP: 5/12
  5276 | D:4      | Reached skill level 4 in Spellcasting
  5886 | D:4      | Found a runed translucent door.
  5887 | D:4      | Noticed Crazy Yiuf
  5964 | D:4      | Found Mome's CLEARANCE SALE!.
  6462 | D:5      | Entered Level 5 of the Dungeon
  6644 | D:5      | Gained mutation: You are partially covered in razor-sharp
                  | scales. (AC +1, Slay +1) [demonic ancestry]
  6644 | D:5      | Reached XP level 8. HP: 52/52 MP: 7/15
  7118 | D:5      | Reached skill level 5 in Spellcasting
  7275 | D:5      | Found a staircase to the Ecumenical Temple.
  7282 | Temple   | Entered the Ecumenical Temple
  7330 | Temple   | Became a worshipper of Sif Muna the Loreminder
  7474 | D:5      | Found an iron altar of Okawaru.
  7474 | D:5      | Found a bloodstained altar of Trog.
  7492 | D:5      | Found a broken altar of Ashenzari.
  7494 | D:5      | Found a basalt altar of Yredelemnul.
  7495 | D:5      | Found an opulent altar of Gozag.
  7501 | D:5      | Found a sacrificial altar of Ru.
  7502 | D:5      | Found a hide-covered altar of Uskayaw.
  7663 | D:6      | Noticed a kobold demonologist
  7672 | D:6      | Noticed a rust devil
  7686 | D:6      | Killed a kobold demonologist
  7880 | D:6      | Gained mutation: You are mostly covered in razor-sharp
                  | scales. (AC +2, Slay +2) [demonic ancestry]
  7880 | D:6      | Reached XP level 9. HP: 42/57 MP: 12/17
  8008 | D:6      | Reached * piety under Sif Muna
  8190 | D:6      | Learned a level 3 spell: Call Canine Familiar
  8232 | D:6      | Found a shadowy altar of Dithmenos.
  8337 | D:6      | Reached skill level 6 in Spellcasting
  8583 | D:6      | Noticed Blork the orc
  8586 | D:6      | Killed Blork the orc
  9098 | D:7      | Noticed Pikel
  9129 | D:7      | Killed Pikel
  9130 | D:7      | Reached skill level 5 in Earth Magic
  9362 | D:7      | Reached skill level 7 in Spellcasting
  9370 | D:7      | Slain by a vampire mosquito

Illustrated notes

Levels and vault maps discovered:
D:1:      dpeg_arrival_fog, layout_loops_corners,
          shapermc_ecumenical_altar_petra, serial_shops, nicolae_square_shop,
          kennysheep_small_spiral, nrook_mini_vaults,
          chequers_serial_rivers_marsh, serial_bayou_pond_d
D:2:      layout_basic, kennysheep_cross_room, kennysheep_generic_room_16
D:3:      layout_loops_ring, gup_sewer_entry_glass
D:4:      layout_gridville, overflow_temple_1_default, nicolae_shop_clearance,
          uniq_crazy_yiuf_cottage
D:5:      layout_rooms, nicolae_overflow_hallway_of_the_gods,
          minmay_temple_entry_nine_rooms, nicolae_zen_rock_garden
D:6:      layout_basic, nicolae_dithmenos_shadow_blocks,
          mumra_transporter_accident, minmay_chambers_of_fives,
          uniq_blork_the_orc
D:7:      layout_basic, grunt_temple_overflow_lords_of_destruction,
          kennysheep_generic_room_7, uniq_pikel
Temple:   kb_temple_of_zot

Skill      XL: |  1  2  3  4  5  6  7  8  9 |
---------------+----------------------------+-----
Transmutations | 1 2 3 |  3.9
Stealth        | 2 3 4 |  4.6
Dodging        | 2 3 4 |  4.8
Earth Magic    | 3 4 5 |  5.6
Unarmed Combat | 1 2 3 |  3.8
Spellcasting   | 3 4 5 7 |  7.1
Short Blades   | 1 2 3 4 |  4.0
Fighting       | |  0.7
Conjurations   | |  0.2
Fire Magic     | |  0.2

Action                   |  1- 3 |  4- 6 |  7- 9 || total
-------------------------+-------+-------+-------++-------
Melee: Unarmed           |    18 |       |       ||    18
       Punch             |     1 |     1 |     6 ||     8
       Dagger            |    39 |       |   135 ||   174
       Short sword       |     9 |   126 |    27 ||   162
       Bite              |     4 |       |       ||     4
 Cast: Sandblast         |    55 |    90 |   139 ||   284
       Foxfire           |       |     8 |    53 ||    61
       Conjure Flame     |       |     1 |       ||     1
       Call Canine Famil |       |       |     2 ||     2
  Use: Scroll            |     6 |     3 |     2 ||    11
       Potion            |     6 |     4 |     6 ||    16
 Stab: Sleeping          |       |     5 |     2 ||     7
Armor: Robe              |    10 |    15 |   137 ||   162
       Leather armour    |     6 |    52 |       ||    58
Dodge: Dodged            |    42 |   106 |   208 ||   356
